 Dungeon Crawl Stone Soup version 0.30.1-9-gdf580d7c3d (webtiles) character file.

Game seed: 5313150640927798681

796 KittyFluff the Covered (level 7, 0/66 HPs)
             Began as a Gargoyle Berserker on Oct 10, 2023.
             Was a Priest of Trog.
             Slain by a gnoll
             ... wielding a +0 halberd
             ... led by a gnoll sergeant
              (4 damage)
             ... on level 5 of the Dungeon.
             The game lasted 00:14:20 (3821 turns).

KittyFluff the Covered (Gargoyle Berserker)         Turns: 3821, Time: 00:14:21

Health: 0/66       AC: 15    Str: 26    XL:     7   Next: 89%
Magic:  7/7        EV: 13    Int:  7    God:    Trog [***...]
Gold:   137        SH:  0    Dex: 14    Spells: 6/6 levels left

rFire   . . .        A - +0 flail (protect)
rCold   . . .        (no shield)
rNeg    + . .        w - +0 robe of the Ditch-Digger {Str+3 Dex+5}
rPois   ∞            (no helmet)
rElec   +            r - +0 cloak
rCorr   .            (no gloves)
SInv    .            (no boots)
Will    .....        (no amulet) Stlth
                     (no ring)
HPRegen 0.31/turn    (no ring)
MPRegen 0.10/turn

%: no passive effects
@: berserking, under a protective aura, very quick
A: sickness immunity, AC +4, negative energy resistance 1, electricity
resistance, torment resistance 1, petrification resistance
a: Renounce Religion, Berserk, Trog's Hand


You were on level 5 of the Dungeon.
You worshipped Trog.
Trog was most pleased with you.
You visited 1 branch of the dungeon, and saw 5 of its levels.

You collected 256 gold pieces.
You spent 119 gold pieces at shops.

Inventory:

Hand Weapons
 a - a +0 mace
 n - a +0 shortbow
 q - a +3 quarterstaff of chaos
 A - a +0 flail of protection (weapon)
 D - a +0 sling
Missiles
 j - 4 poisoned darts (quivered)
 x - 5 boomerangs
Armour
 k - a +0 leather armour
 r - a +0 cloak (worn)
 w - the +0 robe of the Ditch-Digger (worn) {Str+3 Dex+5}
   (You bought it in a shop on level 3 of the Dungeon)

   Str:       It affects your strength (+3).
   Dex:       It affects your dexterity (+5).
Wands
 v - a wand of mindburst (16)
Scrolls
 b - a scroll of immolation {unknown}
 c - a scroll of magic mapping {unknown}
 d - a scroll of teleportation {unknown}
 f - a scroll of blinking {unknown}
 m - 6 scrolls of identify {unknown}
 o - a scroll of enchant weapon {unknown}
 p - a scroll of fog {unknown}
 t - a scroll of fear {unknown}
 y - a scroll of noise {unknown}
 z - 2 scrolls of amnesia {unknown}
Potions
 e - 2 potions of attraction {unknown}
 g - 2 potions of might
 h - a potion of mutation {unknown}
 i - 3 potions of heal wounds {unknown}
 l - a potion of invisibility {unknown}
 s - a potion of degeneration {unknown}
 u - 2 potions of lignification {unknown}
 B - 2 potions of curing
 C - a potion of ambrosia {unknown}
 E - a potion of haste {unknown}


   Skills:
 + Level 4.9 Fighting
 * Level 5.7 Maces & Flails
 * Level 5.8 Armour
 + Level 3.2 Dodging


You had 6 spell levels left.
You didn't know any spells.
Your spell library was empty.

Dungeon Overview and Level Annotations

Branches:
Dungeon (5/15)
 Temple: D:4-7

Altars:
Ashenzari
Gozag
Ru
Zin

Shops:
D:3 *   D:4 [


Innate Abilities, Weirdness & Mutations

You are immune to sickness and miasma.
Your stone body is resilient. (AC +4)
You are immune to poison.
You resist negative energy. (rN+)
You are resistant to electric shocks. (rElec)
You are resistant to unholy torment.
You are immune to petrification.


Message History

The gnoll sergeant barely misses you. The gnoll hits you with a +0 spear.
The gnoll hits you but does no damage.
You bludgeon the gnoll sergeant!!
Your weapon exudes an aura of protection.
The gnoll sergeant is almost dead.
The gnoll hits you from afar with a +0 halberd!
* * * LOW HITPOINT WARNING * * *
The gnoll sergeant hits you with a +3 spear of venom.
* * * LOW HITPOINT WARNING * * *
The gnoll barely misses you. The gnoll hits you with a +0 spear.
* * * LOW HITPOINT WARNING * * *
You sock the gnoll sergeant!
You kill the gnoll sergeant!
Trog accepts your kill.
You closely miss the gnoll.
The gnoll hits you but does no damage. x2
The gnoll misses you.
You sock the gnoll!
You kill the gnoll!
Trog accepts your kill. The gnoll completely misses you.
The gnoll barely misses you. x2
You hit the gnoll.
The gnoll is heavily wounded.
The gnoll hits you but does no damage. x2; The gnoll hits you with a +0 club.
* * * LOW HITPOINT WARNING * * *
The gnoll hits you with a +0 flail.
* * * LOW HITPOINT WARNING * * *
You bludgeon the gnoll!!
You kill the gnoll!
Trog accepts your kill.
You hit the gnoll.
The gnoll is moderately wounded.
The gnoll barely misses you. The gnoll closely misses you.
The gnoll hits you with a +0 club.
* * * LOW HITPOINT WARNING * * *
You closely miss the gnoll. You punch the gnoll!
You kill the gnoll!
Trog accepts your kill. The gnoll misses you.
The gnoll hits you from afar with a +0 halberd.
You die...

##############
#####.......##....
#...........##....
#.###.>.....##....
###@###........#....
#g))g...............
####...................
#.........#.#..........
#.........#.#..........
#....................#.
#......................
#..............#....##.
#....##........#....###


You could see 2 gnolls.

Vanquished Creatures
  Sigmund (D:2)
  A black bear (D:3)
  2 scorpions (D:4)
  A gnoll sergeant (D:5)
  An orc priest (D:5)
  Crazy Yiuf (D:2)
  A sleepcap (D:5)
  An iguana (D:4)
  Natasha (D:2)
  7 gnolls
  7 adders
  2 worms
  A dart slug (D:1)
  9 orcs
  4 endoplasms
  7 hobgoblins
  14 jackals
  3 quokkas
  4 ball pythons
  5 bats
  6 frilled lizards
  11 goblins
  5 kobolds
  8 rats
103 creatures vanquished.

Notes
Turn   | Place    | Note
-------+----------+-------------------------------------------
     0 | D:1      | KittyFluff the Gargoyle Berserker began the quest for the
                  | Orb.
     0 | D:1      | Reached XP level 1. HP: 14/14 MP: 1/1
   292 | D:1      | Reached XP level 2. HP: 16/19 MP: 2/2
   465 | D:1      | Found a faded altar of an unknown god.
   600 | D:1      | Reached ** piety under Trog
   763 | D:2      | Noticed Sigmund
   776 | D:2      | Killed Sigmund
   777 | D:2      | Reached XP level 3. HP: 7/24 MP: 3/3
   777 | D:2      | Reached XP level 4. HP: 9/29 MP: 4/4
   777 | D:2      | Reached XP level 5. HP: 10/33 MP: 5/5
  1149 | D:2      | Found a runed translucent door.
  1150 | D:2      | Noticed Crazy Yiuf
  1160 | D:2      | Killed Crazy Yiuf
  1161 | D:2      | Reached XP level 6. HP: 35/38 MP: 6/6
  1619 | D:2      | Noticed Natasha
  1632 | D:2      | Killed Natasha
  1979 | D:3      | Noticed a black bear
  1992 | D:3      | Killed a black bear
  2082 | D:3      | Found an opulent altar of Gozag.
  2082 | D:3      | Found a sacrificial altar of Ru.
  2124 | D:3      | Found Buxuoliysh's Assorted Antiques.
  2150 | D:3      | Bought a smoking robe for 119 gold pieces
  2150 | D:3      | Identified the +0 robe of the Ditch-Digger {Str+3 Dex+5}
                  | (You bought it in a shop on level 3 of the Dungeon)
  2503 | D:3      | Found a broken altar of Ashenzari.
  2556 | D:3      | Reached skill level 5 in Armour
  2556 | D:3      | Reached XP level 7. HP: 38/44 MP: 7/7
  2565 | D:3      | Reached skill level 5 in Maces & Flails
  2833 | D:4      | Found a glowing silver altar of Zin.
  2949 | D:4      | Found Jeorouh's Armour Shop.
  3105 | D:4      | Reached *** piety under Trog
  3612 | D:5      | Entered Level 5 of the Dungeon
  3821 | D:5      | Slain by a gnoll

Illustrated notes

Levels and vault maps discovered:
D:1:      lightli_arrival_chessboard, layout_loops_cross,
          shapermc_ecumenical_altar_totnotflames, minmay_3d_cube
D:2:      layout_basic, serial_park_tiny_pond, minmay_split_cup_small,
          uniq_natasha, uniq_crazy_yiuf_cottage, uniq_sigmund
D:3:      layout_basic, ashenzari_conservatory_becter,
          amethyst_overflow_temple_binary, serial_shops,
          nicolae_shop_advertising_works [nicolae_subvault_shop_adworks]
D:4:      layout_loops_ring, mainiacjoe_overflow_tiny_flanked, serial_shops,
          nicolae_shop_window_shopping
D:5:      layout_basic, minivault_26, uniq_duvessa

Skill      XL: |  1  2  3  4  5  6  7 |
---------------+----------------------+-----
Fighting       | 4 |  4.9
Maces & Flails | 4 5 |  5.7
Armour         | 4 5 |  5.8
Dodging        | 2 3 |  3.2

Action                     |  1- 3 |  4- 6 |  7- 9 || total
---------------------------+-------+-------+-------++-------
  Melee: Mace              |    78 |   172 |     9 ||   259
         Punch             |     1 |       |     3 ||     4
         Flail             |       |       |   125 ||   125
 Invoke: Berserk           |     1 |     1 |     1 ||     3
 Armour: Animal skin       |    29 |       |       ||    29
         Leather armour    |    16 |    54 |       ||    70
         Robe              |       |    22 |    47 ||    69
  Dodge: Dodged            |    55 |   134 |    80 ||   269
